 Dungeon Crawl Stone Soup version 0.18-a0-1730-g73f0523 (webtiles) character file.

30 inmateoo the Chiller (level 3, -1/25 HPs)
             Began as a Merfolk Ice Elementalist on Apr 10, 2016.
             Slain by Sigmund
             ... wielding a +0 scythe
              (9 damage)
             ... on level 2 of the Dungeon.
             The game lasted 00:03:05 (1657 turns).

inmateoo the Chiller (Merfolk Ice Elementalist)     Turns: 1657, Time: 00:03:06

Health: -1/25      AC:  2    Str:  9    XL:     3   Next: 18%
Magic:  3/6        EV: 13    Int: 14    God:
Gold:   68         SH:  0    Dex: 14    Spells: 1 memorised, 5 levels left

rFire  . . .     SeeInvis .     (no weapon)
rCold  . . .     Gourm    .     a - +0 robe
rNeg   . . .     Faith    .     (no shield)
rPois  .         Spirit   .     (no helmet)
rElec  .         Dismiss  .     (no cloak)
rCorr  .         Reflect  .     (no gloves)
SustAt .         Harm     .     (no boots)
MR     .....                    (no amulet)
Stlth  ++........               (no ring)
                                (no ring)

@: not resistant to hostile enchantments, unstealthy
A: change form in water, swift swim
a: no special abilities


You were on level 2 of the Dungeon.
You were hungry.

You visited 1 branch of the dungeon, and saw 2 of its levels.

You collected 68 gold pieces.

Inventory:

Armour
 a - a +0 robe (worn)
Scrolls
 d - a scroll of immolation {unknown}
 e - a scroll of amnesia {unknown}
 f - a scroll of random uselessness {unknown}
 i - a scroll of recharging {unknown}
 k - 2 scrolls of identify {unknown}
 l - 2 scrolls of enchant weapon {unknown}
Books
 b - a book of Frost

   Spells                             Type                      Level
   a - Freeze                         Ice                          1
   b - Throw Frost                    Conjuration/Ice              2
   c - Ozocubu's Armour               Charms/Ice                   3
   d - Throw Icicle                   Conjuration/Ice              4
   e - Summon Ice Beast               Ice/Summoning                4
Comestibles
 c - a bread ration
 g - a meat ration
 j - 2 fruits


   Skills:
 + Level 0.9 Fighting
 + Level 3.1 Dodging
 - Level 2.1 Stealth
 + Level 2.2 Spellcasting
   Level 0.7 Conjurations
 * Level 4.0 Ice Magic


You had 5 spell levels left.
You knew the following spells:

 Your Spells              Type           Power        Failure   Level  Hunger
a - Freeze                Ice            ##..         4%          1    #......


Dungeon Overview and Level Annotations

Branches:
Dungeon (2/15)

Altars:

Annotations:
D:2 Sigmund


Message History

Sigmund is heavily wounded.
Sigmund casts a spell at you. The puff of flame hits you!
Casting: Freeze
Confirm with . or Enter, or press ? or * to list all spells.
Aiming: Freeze
Press: ? - help, Shift-Dir - straight line, f/p - Sigmund
Aim: Sigmund, wielding a scythe and wearing a robe (heavily wounded)
You freeze Sigmund.
Sigmund is heavily wounded.
Sigmund barely misses you.
Casting: Freeze
Confirm with . or Enter, or press ? or * to list all spells.
Aiming: Freeze
Press: ? - help, Shift-Dir - straight line, f/p - Sigmund
Aim: Sigmund, wielding a scythe and wearing a robe (heavily wounded)
You freeze Sigmund.
Sigmund is severely wounded.
Sigmund hits you with a scythe!
You die...

. # #.#.##.# #.##.
#.#.##.######
#...###...........#
##......###..####.# #
##.###...###..# #.#
...#.......#.##..####.#
#...................#
##.....@.......####.#
##.###@#####.## #.# #
#.# #.# #.# #<# #.#
###.# #.# #.###(#.# ###
#.##.(..####
.#.....)... ##)..####.
##.## #. #.# #.


You could see Sigmund.

Vanquished Creatures
  2 dart slugs (D:1)
  2 giant geckos (D:1)
  3 bats
  A goblin (D:1)
  4 hobgoblins (D:1)
  3 jackals (D:1)
  3 kobolds
  3 rats (D:1)
21 creatures vanquished.

Notes
Turn   | Place    | Note
--------------------------------------------------------------
     0 | D:1      | inmateoo the Merfolk Ice Elementalist began the quest for the Orb.
     0 | D:1      | Reached XP level 1. HP: 13/13 MP: 3/3
   197 | D:1      | Reached XP level 2. HP: 18/19 MP: 0/5
   333 | D:1      | HP: 1/20 [dart slug/slug dart (7)]
   886 | D:1      | Reached XP level 3. HP: 25/25 MP: 3/6
  1001 | D:1      | Reached skill level 4 in Ice Magic
  1112 | D:2      | Noticed Sigmund
  1121 | D:2      | HP: 1/25 [Sigmund/puff of flame (10)]
  1147 | D:2      | HP: 1/25 [kobold/stone (2)]
  1657 | D:2      | Slain by Sigmund

Vault maps used:
D:1:      lightli_arrival_lavapool
D:2:      kennysheep_the_goblin_king, uniq_sigmund

Skill      XL: |  1  2  3 |
---------------+----------+-----
Dodging        | 3 |  3.1
Ice Magic      | 4 |  4.0
Fighting       | |  0.9
Stealth        | |  2.1
Spellcasting   | |  2.2
Conjurations   | |  0.7

Action                   || total
-------------------------++-------
Melee: Unarmed           ||     7
 Cast: Freeze            ||    53
  Use: Potion            ||     1
  Eat: Chunk             ||     2
       Fruit             ||     1
